 Dungeon Crawl Stone Soup version 0.18.1-48-g4cf74bf (webtiles) character file.

600 Peloso the Shield-Bearer (level 7, -1/60 HPs)
             Began as a Minotaur Fighter on Aug 21, 2016.
             Slain by Prince Ribbit (13 damage)
             ... on level 4 of the Dungeon.
             The game lasted 00:10:27 (3874 turns).

Peloso the Shield-Bearer (Minotaur Fighter)         Turns: 3874, Time: 00:10:28

Health: -1/60      AC: 11    Str: 20    XL:     7   Next: 18%
Magic:  6/6        EV:  7    Int:  5    God:
Gold:   174        SH: 10    Dex: 12    Spells: 0 memorised, 6 levels left

rFire  . . .     SeeInvis .     a - +0 long sword
rCold  . . .     Gourm    +     g - +0 chain mail
rNeg   + . .     Faith    .     c - +0 shield
rPois  .         Spirit   .     (helmet restricted)
rElec  .         Dismiss  .     (no cloak)
rCorr  .         Reflect  .     (no gloves)
SustAt +         Harm     .     w - +0 pair of boots
MR     .....                    y - amulet of the gourmand
Stlth  ..........               b - ring of positive energy
                                r - ring of sustain attributes

@: not resistant to hostile enchantments, extremely unstealthy
A: retaliatory headbutt, horns 2
a: no special abilities


You were on level 4 of the Dungeon.
You were very full.

You visited 1 branch of the dungeon, and saw 5 of its levels.

You collected 174 gold pieces.

Inventory:

Hand Weapons
 a - a +0 long sword (weapon)
Armour
 c - a +0 shield (worn)
 g - a +0 chain mail (worn)
 w - a +0 pair of boots (worn)
Jewellery
 b - a ring of positive energy (right hand)
 l - an uncursed ring of flight
 r - a ring of sustain attributes (left hand)
 t - an uncursed ring of ice
 y - an amulet of the gourmand (around neck)
 A - an uncursed amulet of harm {unknown}
Scrolls
 h - a scroll of recharging
 j - a scroll of blinking
 k - a scroll of identify
 n - 2 scrolls of fog
 o - a scroll of teleportation
 v - a scroll of remove curse
Potions
 d - 3 potions of might
 e - 3 potions of heal wounds
 i - 2 potions of curing {unknown}
 m - a potion of cure mutation {unknown}
 p - a potion of haste {unknown}
 u - 3 potions of lignification {unknown}
 x - 2 potions of mutation {unknown}
Comestibles
 f - 3 bread rations
 s - 2 meat rations
 z - a beef jerky


   Skills:
 + Level 4.8 Fighting
 + Level 4.4 Long Blades
 + Level 5.9 Armour
 + Level 2.7 Dodging
 + Level 0.1 Stealth
 + Level 6.3 Shields


You had 6 spell levels left.
You didn't know any spells.

Dungeon Overview and Level Annotations

Branches:
Dungeon (5/15)
 Temple: D:4-7

Altars:
Qazlal

Annotations:
D:4 Prince Ribbit


Innate Abilities, Weirdness & Mutations

You reflexively headbutt those who attack you in melee.
You have a pair of horns on your head.


Message History

* * * LOW HITPOINT WARNING * * *
Prince Ribbit closely misses you. You furiously retaliate!
You headbutt Prince Ribbit. You miss Prince Ribbit. You headbutt Prince Ribbit.
Prince Ribbit is heavily wounded.
Prince Ribbit hits you.
* * * LOW HITPOINT WARNING * * *
You closely miss Prince Ribbit.
Prince Ribbit is heavily wounded.
You block Prince Ribbit's attack.
Prince Ribbit blinks!
Prince Ribbit sighs, "It's not easy being green!"
You block Prince Ribbit's attack.
You hit Prince Ribbit. Your headbutt misses Prince Ribbit.
Prince Ribbit is severely wounded.
You block Prince Ribbit's attack. x2
You completely miss Prince Ribbit.
Prince Ribbit is severely wounded.
You block Prince Ribbit's attack.
Prince Ribbit blinks!
Prince Ribbit hits you!
You die...

#.#...#.#..#..#..#.#
##+###.#.#..#..#..#.#
.....#.#.#..#..#..#.#
.....#.#.#..#..#..#.#
.....#.#.#..#..#..#.#
.P...#.#.#..#..#..#.#
.......#.#.....#..#.#
.......#.#........#.#
...............F@..>##
....[#.#.............#
.....#..#########.##.##
.....##.###### #.##..##
.............# #.##...###
.######..>.[.# #.##.....#
+######......# #.##.88.P#
.....##......####.##.888.#
.....##..............8...#


You could see Prince Ribbit.

Vanquished Creatures
  The ghost of Crag the Ruffian, an amateur NaTm (D:3)
  A giant frog zombie (D:4)
  An orc priest (D:4)
  2 orc wizards (D:4)
  Jessica (D:3)
  3 worker ants (D:4)
  A hound zombie (D:4)
  A hound skeleton (D:4)
  4 howler monkey zombies (D:4)
  7 adders
  A shadow imp (D:4)
  3 oozes
  An adder zombie (D:4)
  An adder skeleton (D:4)
  2 worms
  A dart slug (D:3)
  4 giant geckos
  10 orcs
  5 bats
  4 giant cockroaches
  4 hobgoblins
  4 jackals
  A ball python (D:3)
  A ball python zombie (D:4)
  A giant gecko zombie (D:4)
  A giant newt (D:3)
  7 goblins
  5 kobolds
  10 rats
  A withered plant (D:4)
89 creatures vanquished.

Vanquished Creatures (others)
  A kobold (D:1)
1 creature vanquished.

Grand Total: 90 creatures vanquished

Notes
Turn   | Place    | Note
--------------------------------------------------------------
     0 | D:1      | Peloso the Minotaur Fighter began the quest for the Orb.
     0 | D:1      | Reached XP level 1. HP: 19/19 MP: 0/0
   115 | D:1      | Reached XP level 2. HP: 27/27 MP: 1/1
  1130 | D:2      | Reached skill level 4 in Shields
  1130 | D:2      | Reached XP level 3. HP: 28/33 MP: 2/2
  1400 | D:3      | Noticed Crag's ghost (amateur NaTm)
  1524 | D:3      | Noticed Jessica
  1528 | D:3      | Killed Crag's ghost
  1528 | D:3      | Reached skill level 5 in Armour
  1528 | D:3      | Reached skill level 1 in Dodging
  1528 | D:3      | Reached XP level 4. HP: 16/40 MP: 3/3
  1528 | D:3      | Reached XP level 5. HP: 19/46 MP: 4/4
  1560 | D:3      | Killed Jessica
  1732 | D:3      | Reached skill level 5 in Shields
  1941 | D:3      | Found a stormy altar of Qazlal.
  2173 | D:3      | Reached XP level 6. HP: 52/52 MP: 5/5
  2820 | D:4      | Reached skill level 6 in Shields
  3400 | D:4      | Reached XP level 7. HP: 60/60 MP: 6/6
  3650 | D:5      | Entered Level 5 of the Dungeon
  3658 | D:5      | Noticed Prince Ribbit
  3874 | D:4      | Slain by Prince Ribbit

Skill      XL: |  1  2  3  4  5  6 |
---------------+-------------------+-----
Armour         | 4 5 |  5.9
Fighting       | 4 |  4.8
Shields        | 4 5 6 |  6.3
Long Blades    | 3 4 |  4.4
Dodging        | 1 2 |  2.7
Stealth        | |  0.1

Action                   |  1- 3 |  4- 6 |  7- 9 || total
-------------------------+-------+-------+-------++-------
Melee: Long sword        |    87 |   161 |    48 ||   296
       Headbutt          |    11 |    32 |     5 ||    48
  Use: Scroll            |       |     4 |     4 ||     8
  Eat: Chunk             |       |    21 |     2 ||    23
Armor: Scale mail        |     5 |       |       ||     5
       Chain mail        |    57 |    91 |     8 ||   156
Dodge: Dodged            |    25 |    48 |    14 ||    87
Block: Shield            |    68 |    92 |    32 ||   192
